[ PARTIDA AOE2 · #461810347 ]
UnrankedPortugueses vs Celts
[ ANÁLISIS DE REPETICIÓN · EXTRAÍDO DE LA PARTIDA GRABADA ]
Feudal
12:45
Castillos
17:06
Imperial
33:21
| APM promedio | 23.1 |
| APM pico | 127 |
| eAPM promedio | 19.3 |
| Aldeanos / militares | 521 / 2061 |
Foco
⚔️ 54.9% · 🌾 45.1%
Hand Cannoneer ×761 · Knight ×368 · Bombard Cannon ×366 · Militia ×346 · Trade Cart ×108 · Organ Gun ×103
Feudal
12:29
Castillos
16:51
Imperial
40:55
| APM promedio | 22.0 |
| APM pico | 64 |
| eAPM promedio | 17.4 |
| Aldeanos / militares | 236 / 803 |
Foco
⚔️ 23.7% · 🌾 76.3%
Spearman ×247 · Scorpion ×195 · Trade Cart ×121 · Mangonel ×114 · Militia ×100 · Knight ×95
Feudal
12:51
Castillos
18:01
Imperial
34:13
| APM promedio | 19.5 |
| APM pico | 80 |
| eAPM promedio | 17.1 |
| Aldeanos / militares | 252 / 2947 |
Foco
⚔️ 48.6% · 🌾 51.4%
Spearman ×1182 · Knight ×527 · Mangonel ×415 · Hand Cannoneer ×395 · Militia ×300 · Trade Cart ×100
Feudal
11:46
Castillos
16:07
Imperial
31:07
| APM promedio | 50.9 |
| APM pico | 183 |
| eAPM promedio | 44.1 |
| Aldeanos / militares | 231 / 2334 |
Foco
⚔️ 47.0% · 🌾 53.0%
Spearman ×1802 · Bombard Cannon ×237 · Knight ×130 · Hand Cannoneer ×95 · Trade Cart ×91 · Hussite Wagon ×38
Feudal
14:24
Castillos
28:46
Imperial
47:28
| APM promedio | 18.0 |
| APM pico | 87 |
| eAPM promedio | 16.5 |
| Aldeanos / militares | 95 / 1294 |
Foco
⚔️ 68.0% · 🌾 32.0%
Spearman ×591 · Knight ×326 · Militia ×200 · Woad Raider ×62 · Skirmisher ×61 · Trade Cart ×50
Feudal
12:58
Castillos
17:48
Imperial
36:04
| APM promedio | 21.0 |
| APM pico | 130 |
| eAPM promedio | 16.3 |
| Aldeanos / militares | 202 / 253 |
Foco
⚔️ 9.2% · 🌾 90.8%
Knight ×135 · Trade Cart ×113 · Scorpion ×47 · Mangonel ×42 · Spearman ×16 · Scout Cavalry ×9
Feudal
11:27
Castillos
17:50
Imperial
46:56
| APM promedio | 16.2 |
| APM pico | 68 |
| eAPM promedio | 10.8 |
| Aldeanos / militares | 244 / 316 |
Foco
⚔️ 23.8% · 🌾 76.2%
Mangonel ×142 · Trade Cart ×75 · Scout Cavalry ×60 · Mangudai ×54 · Scorpion ×45 · Steppe Lancer ×13
Feudal
9:57
Castillos
17:50
Imperial
32:36
| APM promedio | 26.3 |
| APM pico | 144 |
| eAPM promedio | 21.5 |
| Aldeanos / militares | 195 / 1585 |
Foco
⚔️ 67.4% · 🌾 32.6%
Scout Cavalry ×769 · Knight ×250 · Spearman ×243 · Scorpion ×243 · Trade Cart ×128 · Bombard Cannon ×57
Mapa de la partida
Recursos al inicio + cada clic de construcción. Línea gruesa = muro · recuadro discontinuo = muro de casas detectado. 🟡 oro · ⚪ piedra · 🟢 bayas · 🔶 jabalí · ⭕ reliquia
Inputs por minuto
— 2315955785 - - got the T-shirt
Build order — 2315955785
Primeras 150 de 1534 acciones detectadas
| 0:09 | Construir | House |
| 0:12 | Construir | House |
| 0:14 | Crear | Villager (Male) |
| 0:14 | Crear | Villager (Male) ×4 |
| 0:14 | Crear | Villager (Male) ×4 |
| 0:15 | Crear | Villager (Male) ×4 |
| 1:39 | Crear | Villager (Male) |
| 1:40 | Crear | Villager (Male) |
| 1:40 | Crear | Villager (Male) |
| 2:02 | Construir | Lumber Camp |
| 2:13 | Crear | Villager (Male) |
| 2:13 | Crear | Villager (Male) |
| 2:14 | Crear | Villager (Male) |
| 2:31 | Crear | Villager (Male) |
| 2:32 | Crear | Villager (Male) |
| 2:32 | Crear | Villager (Male) |
| 2:32 | Crear | Villager (Male) |
| 2:53 | Crear | Villager (Male) |
| 2:53 | Crear | Villager (Male) |
| 2:54 | Crear | Villager (Male) |
| 2:54 | Crear | Villager (Male) |
| 3:03 | Investigar | Loom |
| 3:21 | Crear | Villager (Male) |
| 3:21 | Crear | Villager (Male) |
| 3:21 | Crear | Villager (Male) |
| 3:22 | Crear | Villager (Male) |
| 4:02 | Crear | Villager (Male) |
| 4:02 | Crear | Villager (Male) |
| 4:03 | Crear | Villager (Male) |
| 4:03 | Crear | Villager (Male) |
| 4:19 | Crear | Villager (Male) ×2 |
| 4:20 | Crear | Villager (Male) ×2 |
| 4:20 | Crear | Villager (Male) ×2 |
| 4:20 | Crear | Villager (Male) ×2 |
| 4:21 | Crear | Villager (Male) ×2 |
| 4:30 | Construir | House |
| 4:35 | Construir | House |
| 4:37 | Construir | House |
| 4:48 | Construir | Mill |
| 5:14 | Crear | Villager (Male) |
| 5:14 | Crear | Villager (Male) |
| 5:15 | Crear | Villager (Male) |
| 5:15 | Crear | Villager (Male) |
| 5:37 | Investigar | Loom |
| 5:53 | Crear | Villager (Male) ×5 |
| 5:53 | Crear | Villager (Male) ×5 |
| 5:53 | Crear | Villager (Male) ×5 |
| 7:31 | Crear | Villager (Male) |
| 7:31 | Crear | Villager (Male) |
| 8:07 | Crear | Villager (Male) |
| 9:11 | Construir | Mining Camp |
| 9:16 | Crear | Villager (Male) |
| 9:17 | Crear | Villager (Male) |
| 9:20 | Crear | Villager (Male) |
| 9:35 | Construir | Mining Camp |
| 9:50 | Construir | Farm |
| 10:09 | Investigar | Feudal Age |
| 10:09 | Crear | Villager (Male) |
| 10:10 | Crear | Villager (Male) |
| 10:10 | Crear | Villager (Male) |
| 10:29 | Construir | Farm |
| 10:42 | Construir | Farm |
| 12:16 | Construir | Farm |
| 12:17 | Construir | Farm |
| 12:21 | Construir | Farm |
| 12:45 | Edad | Edad Feudal |
| 12:52 | Construir | Market |
| 12:55 | Construir | Blacksmith |
| 13:18 | Construir | Farm |
| 13:44 | Construir | Farm |
| 14:01 | Construir | Lumber Camp |
| 14:05 | Crear | Villager (Male) |
| 14:15 | Investigar | Horse Collar |
| 14:17 | Investigar | Double-Bit Axe |
| 14:26 | Investigar | Castle Age |
| 14:26 | Investigar | Castle Age |
| 15:11 | Construir | House |
| 15:11 | Construir | House |
| 15:12 | Construir | House |
| 15:12 | Construir | House |
| 15:12 | Construir | House |
| 15:12 | Construir | House |
| 15:12 | Construir | House |
| 15:13 | Construir | House |
| 15:14 | Construir | House |
| 15:14 | Construir | House |
| 15:14 | Construir | House |
| 15:14 | Construir | House |
| 15:15 | Construir | House |
| 15:15 | Construir | House |
| 15:15 | Construir | House |
| 15:15 | Construir | House |
| 15:16 | Construir | House |
| 15:16 | Construir | House |
| 15:19 | Construir | House |
| 15:49 | Construir | Farm |
| 15:50 | Construir | Farm |
| 15:52 | Construir | Farm |
| 15:53 | Construir | Farm |
| 16:02 | Crear | Villager (Male) |
| 16:02 | Crear | Villager (Male) |
| 16:02 | Crear | Villager (Male) |
| 16:38 | Construir | Mining Camp |
| 17:06 | Edad | Edad de los Castillos |
| 17:17 | Construir | Town Center |
| 17:32 | Construir | Town Center |
| 18:11 | Crear | Villager (Male) |
| 18:11 | Crear | Villager (Male) |
| 18:11 | Crear | Villager (Male) |
| 18:28 | Crear | Villager (Male) |
| 18:28 | Crear | Villager (Male) ×5 |
| 18:28 | Crear | Villager (Male) ×5 |
| 18:29 | Crear | Villager (Male) ×5 |
| 18:29 | Crear | Villager (Male) ×5 |
| 18:29 | Crear | Villager (Male) ×4 |
| 18:39 | Investigar | Heavy Plow |
| 18:51 | Investigar | Bow Saw |
| 18:51 | Investigar | Bow Saw |
| 18:57 | Crear | Villager (Male) ×4 |
| 18:57 | Crear | Villager (Male) ×4 |
| 18:57 | Crear | Villager (Male) ×4 |
| 18:58 | Crear | Villager (Male) ×4 |
| 18:58 | Crear | Villager (Male) ×4 |
| 18:58 | Crear | Villager (Male) ×4 |
| 19:12 | Construir | Farm |
| 19:18 | Crear | Villager (Male) |
| 19:18 | Crear | Villager (Male) |
| 19:18 | Crear | Villager (Male) |
| 19:18 | Crear | Villager (Male) |
| 19:29 | Construir | Farm |
| 19:29 | Construir | Farm |
| 19:42 | Construir | Farm |
| 19:44 | Construir | Farm |
| 19:47 | Crear | Villager (Male) ×2 |
| 19:48 | Crear | Villager (Male) ×2 |
| 19:48 | Crear | Villager (Male) ×2 |
| 19:48 | Crear | Villager (Male) ×2 |
| 19:48 | Crear | Villager (Male) ×2 |
| 19:48 | Crear | Villager (Male) ×2 |
| 19:49 | Crear | Villager (Male) ×2 |
| 19:59 | Construir | Farm |
| 20:08 | Construir | Farm |
| 20:12 | Construir | Farm |
| 20:32 | Construir | Farm |
| 20:36 | Crear | Villager (Male) ×4 |
| 20:36 | Crear | Villager (Male) ×4 |
| 20:36 | Crear | Villager (Male) ×4 |
| 20:36 | Crear | Villager (Male) ×4 |
| 20:37 | Crear | Villager (Male) ×4 |
| 20:43 | Construir | Farm |
Build order — got the T-shirt
Primeras 150 de 893 acciones detectadas
| 0:01 | Crear | Villager (Male) |
| 0:02 | Crear | Villager (Male) |
| 0:02 | Crear | Villager (Male) |
| 0:02 | Crear | Villager (Male) |
| 0:05 | Construir | House |
| 0:08 | Construir | House |
| 1:26 | Crear | Villager (Male) |
| 2:03 | Crear | Villager (Male) |
| 2:11 | Construir | House |
| 2:12 | Construir | House |
| 2:20 | Construir | Lumber Camp |
| 2:36 | Crear | Villager (Male) |
| 2:36 | Crear | Villager (Male) |
| 2:56 | Crear | Villager (Male) |
| 3:01 | Crear | Villager (Male) |
| 3:26 | Crear | Villager (Male) |
| 3:38 | Crear | Villager (Male) |
| 3:51 | Construir | Lumber Camp |
| 4:12 | Crear | Villager (Male) |
| 4:56 | Crear | Villager (Male) |
| 5:08 | Crear | Villager (Male) |
| 5:35 | Construir | Mill |
| 5:52 | Crear | Villager (Male) |
| 6:01 | Crear | Villager (Male) |
| 6:16 | Crear | Villager (Male) |
| 6:35 | Construir | Mill |
| 6:52 | Crear | Villager (Male) |
| 7:38 | Crear | Villager (Male) |
| 8:07 | Construir | Mining Camp |
| 8:21 | Crear | Villager (Male) |
| 8:39 | Crear | Villager (Male) |
| 9:02 | Construir | House |
| 9:12 | Investigar | Loom |
| 9:35 | Crear | Villager (Male) |
| 10:19 | Investigar | Feudal Age |
| 10:31 | Construir | Mining Camp |
| 10:49 | Construir | Lumber Camp |
| 10:54 | Construir | Farm |
| 10:55 | Construir | Farm |
| 10:58 | Construir | Farm |
| 11:08 | Construir | House |
| 11:48 | Construir | Farm |
| 11:59 | Crear | Villager (Male) |
| 12:19 | Crear | Villager (Male) |
| 12:29 | Edad | Edad Feudal |
| 12:38 | Construir | Stone Wall |
| 12:44 | Construir | Building 487 |
| 12:47 | Crear | Villager (Male) |
| 13:01 | Construir | Blacksmith |
| 13:27 | Construir | Market |
| 13:43 | Crear | Villager (Male) |
| 13:48 | Construir | Farm |
| 14:08 | Construir | Lumber Camp |
| 14:11 | Investigar | Castle Age |
| 14:54 | Investigar | Double-Bit Axe |
| 15:52 | Crear | Villager (Male) |
| 16:51 | Edad | Edad de los Castillos |
| 16:54 | Construir | Town Center |
| 17:07 | Construir | Town Center |
| 17:11 | Crear | Villager (Male) |
| 17:18 | Investigar | Horse Collar |
| 17:21 | Construir | Farm |
| 17:22 | Construir | House |
| 17:28 | Crear | Villager (Male) |
| 17:47 | Crear | Villager (Male) |
| 17:53 | Construir | Farm |
| 17:59 | Crear | Villager (Male) |
| 18:04 | Crear | Villager (Male) |
| 18:04 | Crear | Villager (Male) |
| 18:07 | Construir | Farm |
| 18:09 | Construir | Farm |
| 18:14 | Crear | Villager (Male) |
| 18:15 | Crear | Villager (Male) |
| 18:21 | Construir | Farm |
| 18:29 | Crear | Villager (Male) |
| 18:29 | Crear | Villager (Male) |
| 18:30 | Crear | Villager (Male) |
| 18:37 | Construir | House |
| 18:38 | Construir | House |
| 18:40 | Construir | House |
| 18:44 | Crear | Villager (Male) |
| 18:46 | Crear | Villager (Male) |
| 18:58 | Construir | Town Center |
| 19:02 | Construir | Outpost |
| 19:04 | Crear | Villager (Male) |
| 19:05 | Crear | Villager (Male) |
| 19:29 | Crear | Villager (Male) |
| 19:43 | Construir | Town Center |
| 19:52 | Crear | Villager (Male) |
| 19:58 | Crear | Villager (Male) |
| 20:28 | Construir | Siege Workshop |
| 20:34 | Construir | Siege Workshop |
| 20:47 | Construir | Stone Wall |
| 20:51 | Construir | House |
| 20:53 | Construir | House |
| 20:54 | Construir | House |
| 21:04 | Crear | Villager (Male) |
| 21:04 | Crear | Villager (Male) |
| 21:05 | Crear | Villager (Male) |
| 21:10 | Construir | Farm |
| 21:11 | Construir | Farm |
| 21:15 | Construir | Farm |
| 21:19 | Construir | Farm |
| 21:22 | Crear | Villager (Male) |
| 21:36 | Construir | Barracks |
| 21:56 | Crear | Villager (Male) |
| 21:56 | Crear | Villager (Male) |
| 22:14 | Construir | Building 487 |
| 22:41 | Crear | Spearman |
| 22:41 | Crear | Spearman |
| 22:41 | Crear | Spearman |
| 22:44 | Crear | Villager (Male) |
| 22:44 | Crear | Villager (Male) |
| 23:16 | Investigar | Scale Mail Armor |
| 23:24 | Construir | Town Center |
| 23:27 | Crear | Villager (Male) |
| 23:27 | Crear | Villager (Male) |
| 23:52 | Crear | Mangonel ×2 |
| 24:03 | Investigar | Forging |
| 24:10 | Construir | Farm |
| 24:11 | Construir | Farm |
| 24:13 | Construir | Farm |
| 24:17 | Construir | Farm |
| 25:52 | Crear | Mangonel |
| 25:59 | Investigar | Pikeman (upgrade) |
| 26:03 | Construir | Farm |
| 26:22 | Crear | Villager (Male) |
| 26:22 | Crear | Villager (Male) |
| 26:23 | Crear | Villager (Male) |
| 26:23 | Crear | Villager (Male) |
| 26:23 | Crear | Villager (Male) |
| 26:24 | Crear | Villager (Male) |
| 26:24 | Crear | Villager (Male) |
| 26:24 | Crear | Villager (Male) |
| 27:15 | Crear | Mangonel ×4 |
| 27:22 | Crear | Villager (Male) |
| 27:22 | Crear | Villager (Male) |
| 27:23 | Crear | Villager (Male) |
| 27:23 | Crear | Villager (Male) |
| 27:23 | Crear | Villager (Male) |
| 27:24 | Crear | Villager (Male) |
| 27:24 | Crear | Villager (Male) |
| 27:24 | Crear | Villager (Male) |
| 27:25 | Crear | Villager (Male) |
| 27:25 | Crear | Villager (Male) |
| 27:41 | Construir | Mining Camp |
| 27:47 | Crear | Mangonel |
| 28:02 | Construir | Farm |
| 28:04 | Construir | Farm |
| 28:10 | Crear | Villager (Male) |
Build order — 打死不投降
Primeras 150 de 1173 acciones detectadas
| 0:05 | Crear | Villager (Male) |
| 0:05 | Crear | Villager (Male) |
| 0:06 | Crear | Villager (Male) |
| 0:06 | Crear | Villager (Male) |
| 0:06 | Crear | Villager (Male) |
| 0:13 | Construir | House |
| 0:14 | Construir | House |
| 0:50 | Construir | Lumber Camp |
| 1:46 | Crear | Villager (Male) |
| 2:26 | Crear | Villager (Male) |
| 3:02 | Crear | Villager (Male) |
| 3:28 | Crear | Villager (Male) |
| 3:37 | Construir | House |
| 3:39 | Construir | House |
| 3:46 | Crear | Villager (Male) |
| 4:08 | Crear | Villager (Male) |
| 4:26 | Crear | Villager (Male) |
| 4:59 | Crear | Villager (Male) |
| 5:00 | Crear | Villager (Male) |
| 5:37 | Crear | Villager (Male) |
| 6:03 | Construir | Mill |
| 7:08 | Crear | Villager (Male) |
| 7:08 | Crear | Villager (Male) |
| 7:09 | Crear | Villager (Male) |
| 7:10 | Crear | Villager (Male) |
| 8:16 | Crear | Villager (Male) |
| 8:16 | Crear | Villager (Male) |
| 8:50 | Construir | House |
| 8:51 | Construir | House |
| 9:42 | Crear | Villager (Male) |
| 10:23 | Construir | Mining Camp |
| 10:41 | Investigar | Feudal Age |
| 10:58 | Construir | Farm |
| 11:00 | Construir | Farm |
| 11:14 | Crear | Villager (Male) |
| 11:14 | Crear | Villager (Male) |
| 12:51 | Edad | Edad Feudal |
| 13:08 | Construir | Market |
| 13:13 | Construir | Blacksmith |
| 13:31 | Crear | Villager (Male) |
| 13:31 | Crear | Villager (Male) |
| 13:50 | Construir | Mining Camp |
| 13:58 | Crear | Villager (Male) |
| 13:59 | Crear | Villager (Male) |
| 14:41 | Construir | Farm |
| 14:43 | Construir | Farm |
| 14:45 | Construir | Farm |
| 15:09 | Construir | Mining Camp |
| 15:18 | Investigar | Castle Age |
| 16:10 | Construir | House |
| 16:11 | Construir | House |
| 16:11 | Construir | House |
| 16:13 | Construir | House |
| 16:14 | Construir | House |
| 16:14 | Construir | House |
| 16:14 | Construir | House |
| 16:14 | Construir | House |
| 16:15 | Construir | House |
| 16:29 | Crear | Villager (Male) |
| 16:29 | Crear | Villager (Male) |
| 16:30 | Crear | Villager (Male) |
| 16:46 | Crear | Villager (Male) |
| 16:47 | Crear | Villager (Male) |
| 16:57 | Construir | Farm |
| 16:59 | Construir | Farm |
| 17:01 | Construir | Farm |
| 17:02 | Construir | Farm |
| 17:04 | Construir | Farm |
| 17:07 | Construir | Farm |
| 17:08 | Construir | Farm |
| 17:36 | Construir | Farm |
| 18:01 | Edad | Edad de los Castillos |
| 18:11 | Construir | Town Center |
| 19:13 | Construir | House |
| 19:14 | Construir | House |
| 19:15 | Construir | House |
| 19:19 | Construir | House |
| 20:01 | Crear | Villager (Male) ×5 |
| 20:01 | Crear | Villager (Male) ×5 |
| 20:14 | Construir | Town Center |
| 20:32 | Construir | Farm |
| 20:33 | Construir | Farm |
| 20:36 | Construir | Farm |
| 21:39 | Crear | Villager (Male) ×5 |
| 21:44 | Crear | Villager (Male) ×5 |
| 21:59 | Construir | Farm |
| 22:00 | Construir | Farm |
| 22:02 | Construir | Farm |
| 22:04 | Construir | Farm |
| 22:05 | Construir | Farm |
| 22:06 | Construir | Farm |
| 22:07 | Construir | Farm |
| 22:09 | Construir | Farm |
| 22:11 | Construir | Farm |
| 22:47 | Investigar | Horse Collar |
| 22:51 | Investigar | Double-Bit Axe |
| 22:56 | Investigar | Stone Mining |
| 22:57 | Investigar | Gold Mining |
| 23:07 | Crear | Villager (Male) ×4 |
| 23:08 | Crear | Villager (Male) ×4 |
| 23:40 | Construir | Town Center |
| 23:54 | Crear | Villager (Male) ×4 |
| 24:16 | Investigar | Gold Mining |
| 24:32 | Construir | Farm |
| 24:33 | Construir | Farm |
| 24:40 | Construir | Farm |
| 24:41 | Construir | Farm |
| 24:44 | Construir | Farm |
| 25:02 | Construir | House |
| 25:04 | Construir | House |
| 25:18 | Crear | Villager (Male) ×5 |
| 25:18 | Crear | Villager (Male) ×5 |
| 25:18 | Crear | Villager (Male) ×5 |
| 25:18 | Crear | Villager (Male) ×4 |
| 25:33 | Construir | Barracks |
| 25:35 | Construir | Barracks |
| 25:37 | Construir | Barracks |
| 25:57 | Construir | Farm |
| 25:58 | Construir | Farm |
| 26:00 | Construir | Farm |
| 26:01 | Construir | Farm |
| 26:03 | Construir | Farm |
| 26:08 | Construir | Farm |
| 26:09 | Construir | Farm |
| 26:11 | Construir | Farm |
| 26:13 | Construir | Farm |
| 26:15 | Construir | Farm |
| 26:16 | Construir | Farm |
| 26:23 | Crear | Villager (Male) ×5 |
| 26:23 | Crear | Villager (Male) ×5 |
| 26:24 | Crear | Villager (Male) ×5 |
| 26:51 | Construir | Farm |
| 26:52 | Construir | Farm |
| 27:02 | Investigar | Stone Shaft Mining |
| 27:06 | Investigar | Heavy Plow |
| 27:21 | Investigar | Bow Saw |
| 27:38 | Construir | Stable |
| 27:38 | Construir | Stable |
| 27:38 | Construir | Stable |
| 27:39 | Construir | Stable |
| 27:39 | Construir | Stable |
| 27:42 | Construir | Stable |
| 28:03 | Construir | House |
| 28:05 | Construir | House |
| 28:09 | Construir | House |
| 28:11 | Construir | House |
| 28:12 | Construir | House |
| 28:13 | Construir | House |
| 28:15 | Construir | House |
| 28:16 | Construir | House |
Build order — 虎啸龙吟
Primeras 150 de 3014 acciones detectadas
| 0:05 | Investigar | Loom |
| 0:10 | Construir | House |
| 0:18 | Crear | Villager (Male) |
| 0:19 | Crear | Villager (Male) |
| 0:19 | Crear | Villager (Male) |
| 0:19 | Crear | Villager (Male) |
| 0:19 | Crear | Villager (Male) |
| 0:20 | Crear | Villager (Male) |
| 0:20 | Crear | Villager (Male) |
| 1:50 | Crear | Villager (Male) |
| 1:50 | Crear | Villager (Male) |
| 1:50 | Crear | Villager (Male) |
| 2:36 | Crear | Villager (Male) |
| 2:36 | Crear | Villager (Male) |
| 2:36 | Crear | Villager (Male) |
| 2:43 | Construir | House |
| 3:22 | Crear | Villager (Male) |
| 3:22 | Crear | Villager (Male) |
| 3:22 | Crear | Villager (Male) |
| 3:29 | Construir | House |
| 3:54 | Crear | Villager (Male) |
| 3:54 | Crear | Villager (Male) |
| 4:15 | Construir | House |
| 4:19 | Crear | Villager (Male) |
| 4:19 | Crear | Villager (Male) |
| 4:19 | Crear | Villager (Male) |
| 4:50 | Crear | Villager (Male) |
| 4:50 | Crear | Villager (Male) |
| 5:08 | Crear | Villager (Male) |
| 5:08 | Crear | Villager (Male) |
| 5:08 | Crear | Villager (Male) |
| 5:32 | Crear | Villager (Male) |
| 5:32 | Crear | Villager (Male) |
| 6:24 | Construir | Lumber Camp |
| 6:40 | Construir | House |
| 6:46 | Crear | Villager (Male) |
| 6:46 | Crear | Villager (Male) |
| 6:46 | Crear | Villager (Male) |
| 7:37 | Construir | Mill |
| 8:05 | Crear | Villager (Male) |
| 8:28 | Construir | Mining Camp |
| 8:41 | Crear | Villager (Male) |
| 9:01 | Crear | Villager (Male) |
| 9:01 | Crear | Villager (Male) |
| 9:32 | Investigar | Feudal Age |
| 9:41 | Construir | Farm |
| 10:09 | Construir | Farm |
| 10:13 | Construir | Farm |
| 11:46 | Crear | Villager (Male) |
| 11:46 | Crear | Villager (Male) |
| 11:46 | Edad | Edad Feudal |
| 11:56 | Construir | Market |
| 12:08 | Construir | Blacksmith |
| 12:18 | Construir | Farm |
| 12:23 | Construir | Farm |
| 12:26 | Crear | Villager (Male) |
| 12:42 | Construir | Farm |
| 12:54 | Crear | Villager (Male) |
| 13:07 | Construir | Farm |
| 13:27 | Investigar | Castle Age |
| 13:53 | Construir | Mining Camp |
| 13:59 | Investigar | Double-Bit Axe |
| 14:10 | Investigar | Horse Collar |
| 14:52 | Construir | House |
| 15:31 | Construir | Stone Wall |
| 15:36 | Construir | Building 487 |
| 15:41 | Construir | Stone Wall |
| 15:48 | Investigar | Wheelbarrow |
| 15:56 | Construir | House |
| 16:07 | Edad | Edad de los Castillos |
| 16:10 | Crear | Villager (Male) |
| 16:10 | Crear | Villager (Male) |
| 16:14 | Investigar | Bow Saw |
| 16:29 | Construir | Monastery |
| 16:49 | Construir | Lumber Camp |
| 17:36 | Crear | Monk |
| 17:52 | Crear | Villager (Male) |
| 17:57 | Construir | Farm |
| 18:04 | Construir | Town Center |
| 18:10 | Crear | Villager (Male) |
| 18:18 | Construir | Farm |
| 18:35 | Crear | Villager (Male) |
| 18:43 | Construir | Farm |
| 18:52 | Construir | House |
| 18:54 | Construir | House |
| 18:59 | Crear | Villager (Male) |
| 19:02 | Crear | Villager (Male) |
| 19:03 | Crear | Villager (Male) |
| 19:03 | Crear | Villager (Male) |
| 19:12 | Construir | Farm |
| 19:30 | Investigar | Fervor |
| 19:41 | Construir | Farm |
| 19:43 | Construir | Farm |
| 19:45 | Crear | Villager (Male) |
| 19:59 | Crear | Villager (Male) |
| 19:59 | Crear | Villager (Male) |
| 20:11 | Construir | Town Center |
| 20:18 | Crear | Villager (Male) |
| 20:24 | Construir | Farm |
| 20:26 | Construir | Farm |
| 20:26 | Construir | Farm |
| 20:31 | Crear | Villager (Male) |
| 20:31 | Crear | Villager (Male) |
| 20:49 | Construir | House |
| 20:50 | Construir | House |
| 21:04 | Construir | Farm |
| 21:04 | Construir | Farm |
| 21:05 | Construir | Farm |
| 21:07 | Crear | Villager (Male) |
| 21:10 | Crear | Villager (Male) |
| 21:10 | Crear | Villager (Male) |
| 21:11 | Crear | Villager (Male) |
| 21:23 | Crear | Villager (Male) |
| 21:26 | Crear | Villager (Male) |
| 21:26 | Crear | Villager (Male) |
| 21:26 | Crear | Villager (Male) |
| 21:40 | Crear | Villager (Male) |
| 21:50 | Construir | Farm |
| 21:53 | Crear | Villager (Male) |
| 21:58 | Construir | Farm |
| 21:59 | Construir | Farm |
| 22:04 | Investigar | Sanctity |
| 22:08 | Crear | Villager (Male) |
| 22:16 | Construir | Town Center |
| 22:21 | Crear | Villager (Male) |
| 22:26 | Construir | Farm |
| 22:27 | Construir | Farm |
| 22:29 | Construir | Farm |
| 22:30 | Construir | Farm |
| 22:31 | Construir | Farm |
| 22:35 | Crear | Villager (Male) |
| 22:35 | Crear | Villager (Male) |
| 22:35 | Crear | Villager (Male) |
| 22:41 | Crear | Villager (Male) |
| 22:43 | Crear | Villager (Male) |
| 22:53 | Investigar | Heavy Plow |
| 23:00 | Crear | Villager (Male) |
| 23:00 | Crear | Villager (Male) |
| 23:07 | Construir | House |
| 23:08 | Construir | House |
| 23:09 | Construir | House |
| 23:13 | Crear | Villager (Male) |
| 23:22 | Construir | Farm |
| 23:24 | Construir | Farm |
| 23:30 | Construir | Farm |
| 23:32 | Construir | Farm |
| 23:33 | Construir | Farm |
| 23:38 | Crear | Villager (Male) |
| 23:41 | Crear | Villager (Male) |
| 23:42 | Crear | Villager (Male) |
Build order — Paul2kb
Primeras 150 de 1755 acciones detectadas
| 1:07 | Construir | House |
| 1:08 | Construir | House |
| 1:10 | Construir | House |
| 2:10 | Crear | Villager (Male) |
| 2:10 | Crear | Villager (Male) |
| 2:11 | Crear | Villager (Male) |
| 2:11 | Crear | Villager (Male) |
| 2:22 | Crear | Villager (Male) |
| 3:06 | Construir | House |
| 3:14 | Crear | Villager (Male) |
| 3:43 | Construir | Lumber Camp |
| 4:10 | Crear | Villager (Male) |
| 4:53 | Crear | Villager (Male) |
| 4:54 | Crear | Villager (Male) |
| 5:37 | Crear | Villager (Male) |
| 5:37 | Crear | Villager (Male) |
| 7:00 | Crear | Villager (Male) |
| 7:00 | Crear | Villager (Male) |
| 8:12 | Construir | Mining Camp |
| 8:20 | Crear | Villager (Male) |
| 8:20 | Crear | Villager (Male) |
| 8:21 | Crear | Villager (Male) |
| 8:37 | Construir | House |
| 8:39 | Construir | House |
| 8:40 | Construir | House |
| 8:41 | Construir | House |
| 10:10 | Construir | Mining Camp |
| 10:27 | Crear | Villager (Male) |
| 10:27 | Crear | Villager (Male) |
| 12:14 | Investigar | Feudal Age |
| 14:24 | Edad | Edad Feudal |
| 15:01 | Construir | Mill |
| 15:10 | Investigar | Double-Bit Axe |
| 15:33 | Construir | Stone Wall |
| 16:20 | Construir | Market |
| 16:27 | Construir | Market |
| 17:29 | Construir | Stone Wall |
| 17:42 | Construir | Mining Camp |
| 18:00 | Investigar | Wheelbarrow |
| 18:04 | Investigar | Gold Mining |
| 18:06 | Investigar | Horse Collar |
| 19:38 | Crear | Villager (Male) |
| 19:38 | Crear | Villager (Male) |
| 19:38 | Crear | Villager (Male) |
| 19:39 | Crear | Villager (Male) |
| 20:32 | Crear | Villager (Male) |
| 20:33 | Crear | Villager (Male) |
| 21:51 | Crear | Villager (Male) |
| 22:28 | Crear | Villager (Male) |
| 22:28 | Crear | Villager (Male) |
| 23:49 | Construir | Mill |
| 24:14 | Construir | Farm |
| 24:15 | Construir | Farm |
| 24:16 | Construir | Farm |
| 24:16 | Construir | Farm |
| 24:17 | Construir | Farm |
| 24:23 | Construir | Farm |
| 24:25 | Construir | Farm |
| 24:51 | Construir | Blacksmith |
| 26:06 | Investigar | Castle Age |
| 26:43 | Construir | Barracks |
| 26:45 | Construir | Barracks |
| 26:48 | Construir | Barracks |
| 26:50 | Construir | Barracks |
| 28:46 | Edad | Edad de los Castillos |
| 28:50 | Construir | Town Center |
| 28:52 | Construir | Town Center |
| 28:54 | Construir | Town Center |
| 29:12 | Investigar | Bow Saw |
| 29:18 | Investigar | Heavy Plow |
| 29:26 | Investigar | Gambesons |
| 29:26 | Investigar | Pikeman (upgrade) |
| 30:40 | Crear | Villager (Male) |
| 30:40 | Crear | Villager (Male) |
| 30:40 | Crear | Villager (Male) |
| 30:41 | Crear | Villager (Male) |
| 32:16 | Construir | Town Center |
| 32:26 | Crear | Villager (Male) |
| 32:26 | Crear | Villager (Male) |
| 32:26 | Crear | Villager (Male) |
| 32:26 | Crear | Villager (Male) |
| 32:27 | Crear | Villager (Male) |
| 32:27 | Crear | Villager (Male) |
| 33:01 | Construir | Stable |
| 33:03 | Construir | Stable |
| 33:24 | Crear | Villager (Male) |
| 33:24 | Crear | Villager (Male) |
| 33:24 | Crear | Villager (Male) |
| 33:54 | Crear | Villager (Male) |
| 33:54 | Crear | Villager (Male) |
| 34:04 | Construir | Mill |
| 34:22 | Construir | Farm |
| 34:22 | Construir | Farm |
| 34:23 | Construir | Farm |
| 34:24 | Construir | Farm |
| 34:25 | Construir | Farm |
| 34:25 | Construir | Farm |
| 34:26 | Construir | Farm |
| 34:27 | Construir | Farm |
| 34:27 | Construir | Farm |
| 35:08 | Crear | Villager (Male) |
| 35:08 | Crear | Villager (Male) |
| 35:08 | Crear | Villager (Male) |
| 35:09 | Crear | Villager (Male) |
| 35:16 | Construir | House |
| 35:18 | Construir | House |
| 35:18 | Construir | House |
| 35:20 | Construir | House |
| 35:54 | Construir | Castle |
| 36:10 | Investigar | Gold Shaft Mining |
| 36:10 | Investigar | Stone Mining |
| 36:43 | Crear | Villager (Male) |
| 36:43 | Crear | Villager (Male) |
| 36:43 | Crear | Villager (Male) |
| 36:43 | Crear | Villager (Male) |
| 36:44 | Crear | Villager (Male) |
| 36:44 | Crear | Villager (Male) |
| 36:47 | Crear | Villager (Male) |
| 36:58 | Crear | Villager (Male) |
| 37:03 | Crear | Villager (Male) |
| 37:22 | Crear | Villager (Male) |
| 38:15 | Construir | Mill |
| 38:26 | Investigar | Hand Cart |
| 38:27 | Crear | Villager (Male) |
| 38:27 | Crear | Villager (Male) |
| 38:36 | Construir | House |
| 38:37 | Construir | House |
| 38:38 | Construir | House |
| 38:40 | Construir | House |
| 38:51 | Construir | Lumber Camp |
| 39:00 | Construir | Farm |
| 39:00 | Construir | Farm |
| 39:01 | Construir | Farm |
| 39:02 | Construir | Farm |
| 39:03 | Construir | Farm |
| 39:03 | Construir | Farm |
| 39:04 | Construir | Farm |
| 39:05 | Construir | Farm |
| 39:06 | Construir | Farm |
| 39:32 | Crear | Villager (Male) |
| 39:32 | Crear | Villager (Male) |
| 39:33 | Crear | Villager (Male) |
| 39:33 | Crear | Villager (Male) |
| 39:33 | Crear | Villager (Male) |
| 39:35 | Crear | Villager (Male) |
| 39:49 | Construir | Stable |
| 40:00 | Construir | Stable |
| 40:23 | Investigar | Stronghold |
| 40:43 | Crear | Villager (Male) |
| 40:43 | Crear | Villager (Male) |
Build order — 550963855
Primeras 150 de 638 acciones detectadas
| 0:07 | Construir | House |
| 0:09 | Construir | House |
| 0:10 | Construir | House |
| 0:15 | Crear | Villager (Male) |
| 0:15 | Crear | Villager (Male) |
| 0:15 | Crear | Villager (Male) |
| 0:16 | Crear | Villager (Male) |
| 0:16 | Crear | Villager (Male) |
| 1:20 | Construir | House |
| 1:33 | Crear | Villager (Male) |
| 1:33 | Crear | Villager (Male) |
| 2:19 | Crear | Villager (Male) |
| 2:19 | Crear | Villager (Male) |
| 2:29 | Crear | Villager (Male) |
| 2:30 | Crear | Villager (Male) |
| 3:01 | Crear | Villager (Male) |
| 3:01 | Crear | Villager (Male) |
| 3:12 | Crear | Villager (Male) |
| 3:12 | Crear | Villager (Male) |
| 3:55 | Crear | Villager (Male) |
| 3:55 | Crear | Villager (Male) |
| 4:11 | Crear | Villager (Male) |
| 4:11 | Crear | Villager (Male) |
| 4:45 | Crear | Villager (Male) |
| 5:11 | Construir | Lumber Camp |
| 5:22 | Crear | Villager (Male) |
| 5:22 | Crear | Villager (Male) |
| 5:22 | Crear | Villager (Male) |
| 5:55 | Crear | Villager (Male) |
| 5:56 | Crear | Villager (Male) |
| 6:02 | Crear | Villager (Male) |
| 6:02 | Crear | Villager (Male) |
| 6:29 | Construir | Mill |
| 6:45 | Crear | Villager (Male) |
| 6:45 | Crear | Villager (Male) |
| 6:46 | Crear | Villager (Male) |
| 7:41 | Crear | Villager (Male) |
| 7:41 | Crear | Villager (Male) |
| 8:12 | Crear | Villager (Male) |
| 8:12 | Crear | Villager (Male) |
| 8:23 | Construir | House |
| 8:43 | Crear | Villager (Male) |
| 8:43 | Crear | Villager (Male) |
| 8:43 | Crear | Villager (Male) |
| 8:44 | Crear | Villager (Male) |
| 8:44 | Crear | Villager (Male) |
| 8:44 | Crear | Villager (Male) |
| 8:52 | Construir | House |
| 10:12 | Investigar | Feudal Age |
| 10:28 | Investigar | Feudal Age |
| 10:45 | Construir | Mining Camp |
| 11:24 | Construir | Farm |
| 11:27 | Construir | Farm |
| 11:30 | Construir | Farm |
| 11:31 | Construir | Farm |
| 11:33 | Construir | Farm |
| 11:37 | Construir | Farm |
| 11:38 | Construir | Farm |
| 11:40 | Construir | Farm |
| 12:00 | Construir | Farm |
| 12:10 | Construir | Lumber Camp |
| 12:58 | Edad | Edad Feudal |
| 13:04 | Construir | Market |
| 13:15 | Investigar | Wheelbarrow |
| 14:21 | Construir | Blacksmith |
| 14:32 | Investigar | Double-Bit Axe |
| 14:38 | Crear | Villager (Male) |
| 15:08 | Investigar | Castle Age |
| 15:26 | Construir | Lumber Camp |
| 15:33 | Investigar | Gold Mining |
| 17:08 | Construir | Farm |
| 17:10 | Construir | Farm |
| 17:14 | Construir | Farm |
| 17:24 | Construir | Farm |
| 17:48 | Edad | Edad de los Castillos |
| 18:00 | Construir | Town Center |
| 18:03 | Crear | Villager (Male) |
| 18:03 | Crear | Villager (Male) |
| 18:03 | Crear | Villager (Male) |
| 18:04 | Crear | Villager (Male) |
| 18:04 | Crear | Villager (Male) |
| 18:04 | Crear | Villager (Male) |
| 18:04 | Crear | Villager (Male) |
| 18:05 | Crear | Villager (Male) |
| 18:12 | Construir | Town Center |
| 18:22 | Construir | Mill |
| 18:36 | Construir | House |
| 18:37 | Construir | House |
| 18:39 | Construir | House |
| 18:40 | Construir | House |
| 18:41 | Construir | House |
| 19:00 | Construir | Farm |
| 19:34 | Crear | Villager (Male) |
| 19:34 | Crear | Villager (Male) |
| 19:34 | Crear | Villager (Male) |
| 19:41 | Construir | Mill |
| 19:51 | Construir | Farm |
| 19:53 | Construir | Farm |
| 19:55 | Crear | Villager (Male) |
| 19:56 | Crear | Villager (Male) |
| 19:56 | Crear | Villager (Male) |
| 20:00 | Crear | Villager (Male) |
| 20:00 | Crear | Villager (Male) |
| 20:00 | Crear | Villager (Male) |
| 20:01 | Crear | Villager (Male) |
| 20:04 | Crear | Villager (Male) |
| 20:04 | Crear | Villager (Male) |
| 20:10 | Crear | Villager (Male) |
| 20:10 | Crear | Villager (Male) |
| 20:10 | Crear | Villager (Male) |
| 20:11 | Crear | Villager (Male) |
| 20:11 | Crear | Villager (Male) |
| 20:16 | Construir | Farm |
| 20:16 | Construir | Farm |
| 20:20 | Construir | Farm |
| 20:21 | Construir | Farm |
| 20:36 | Construir | Farm |
| 20:37 | Construir | Farm |
| 20:39 | Construir | Farm |
| 20:41 | Crear | Villager (Male) |
| 20:42 | Crear | Villager (Male) |
| 20:56 | Construir | Stone Wall |
| 21:02 | Construir | House |
| 21:04 | Construir | House |
| 21:07 | Crear | Villager (Male) |
| 21:07 | Crear | Villager (Male) |
| 21:15 | Crear | Villager (Male) |
| 21:15 | Crear | Villager (Male) |
| 21:21 | Investigar | Stone Mining |
| 21:38 | Construir | Barracks |
| 21:48 | Crear | Villager (Male) |
| 21:48 | Crear | Villager (Male) |
| 22:08 | Construir | Stone Wall |
| 22:15 | Construir | Farm |
| 22:17 | Construir | Farm |
| 22:18 | Construir | Mill |
| 22:22 | Construir | Farm |
| 22:26 | Crear | Trade Cart |
| 22:26 | Crear | Trade Cart |
| 22:26 | Crear | Trade Cart |
| 22:27 | Crear | Trade Cart |
| 22:39 | Construir | Building 490 |
| 22:51 | Construir | Farm |
| 22:54 | Crear | Villager (Male) |
| 22:54 | Crear | Villager (Male) |
| 22:58 | Crear | Villager (Male) |
| 22:58 | Crear | Villager (Male) |
| 22:58 | Crear | Villager (Male) |
| 23:04 | Investigar | Pikeman (upgrade) |
| 23:09 | Construir | Siege Workshop |
Build order — 520220629
Primeras 150 de 739 acciones detectadas
| 0:02 | Crear | Villager (Male) |
| 0:02 | Crear | Villager (Male) |
| 0:04 | Construir | House |
| 0:05 | Construir | House |
| 0:09 | Crear | Villager (Male) |
| 0:39 | Crear | Villager (Male) |
| 0:39 | Crear | Villager (Male) |
| 1:24 | Crear | Villager (Male) |
| 1:24 | Crear | Villager (Male) |
| 1:45 | Construir | Lumber Camp |
| 2:34 | Crear | Villager (Male) |
| 2:34 | Crear | Villager (Male) |
| 2:35 | Crear | Villager (Male) |
| 3:18 | Crear | Villager (Male) |
| 3:19 | Crear | Villager (Male) |
| 3:39 | Construir | House |
| 4:11 | Crear | Villager (Male) |
| 4:12 | Crear | Villager (Male) |
| 4:12 | Crear | Villager (Male) |
| 4:57 | Crear | Villager (Male) |
| 4:58 | Crear | Villager (Male) |
| 5:40 | Crear | Villager (Male) |
| 5:40 | Crear | Villager (Male) |
| 6:18 | Construir | Mill |
| 6:29 | Construir | Mill |
| 6:32 | Crear | Villager (Male) |
| 6:32 | Crear | Villager (Male) |
| 6:49 | Crear | Villager (Male) |
| 6:53 | Construir | House |
| 7:44 | Crear | Villager (Male) |
| 7:45 | Crear | Villager (Male) |
| 8:00 | Crear | Villager (Male) |
| 8:51 | Construir | Mining Camp |
| 9:00 | Investigar | Feudal Age |
| 9:40 | Construir | House |
| 9:43 | Construir | House |
| 10:20 | Construir | House |
| 10:55 | Crear | Villager (Male) |
| 10:55 | Crear | Villager (Male) |
| 10:56 | Crear | Villager (Male) |
| 11:23 | Construir | Barracks |
| 11:27 | Edad | Edad Feudal |
| 11:40 | Construir | Blacksmith |
| 12:45 | Construir | House |
| 13:19 | Investigar | Double-Bit Axe |
| 13:30 | Construir | House |
| 14:21 | Construir | Stable |
| 14:27 | Construir | Farm |
| 14:46 | Construir | Lumber Camp |
| 14:59 | Construir | Farm |
| 15:10 | Investigar | Castle Age |
| 15:20 | Construir | House |
| 15:49 | Investigar | Scale Barding Armor |
| 15:57 | Construir | Stable |
| 16:09 | Construir | Farm |
| 16:13 | Investigar | Horse Collar |
| 16:16 | Crear | Villager (Male) |
| 16:57 | Construir | Farm |
| 17:01 | Construir | Farm |
| 17:09 | Construir | Farm |
| 17:14 | Construir | Market |
| 17:30 | Construir | House |
| 17:38 | Crear | Villager (Male) |
| 17:50 | Edad | Edad de los Castillos |
| 18:11 | Construir | Farm |
| 18:12 | Construir | Farm |
| 18:13 | Construir | Farm |
| 18:15 | Construir | Farm |
| 18:22 | Construir | Farm |
| 18:33 | Investigar | Bloodlines |
| 18:39 | Crear | Steppe Lancer |
| 18:50 | Construir | Siege Workshop |
| 19:10 | Construir | Farm |
| 19:10 | Construir | Farm |
| 19:11 | Construir | Farm |
| 19:24 | Crear | Villager (Male) |
| 19:24 | Crear | Villager (Male) |
| 19:36 | Construir | Farm |
| 19:43 | Construir | Farm |
| 19:57 | Crear | Steppe Lancer |
| 19:58 | Crear | Steppe Lancer |
| 20:21 | Construir | Outpost |
| 20:28 | Crear | Battering Ram |
| 20:39 | Crear | Steppe Lancer |
| 20:39 | Crear | Steppe Lancer |
| 20:46 | Crear | Villager (Male) |
| 20:46 | Crear | Villager (Male) |
| 20:50 | Construir | Farm |
| 20:53 | Crear | Villager (Male) |
| 20:54 | Crear | Villager (Male) |
| 21:02 | Construir | Outpost |
| 21:24 | Crear | Villager (Male) |
| 21:24 | Crear | Villager (Male) |
| 21:24 | Crear | Villager (Male) |
| 21:37 | Construir | Outpost |
| 21:57 | Crear | Battering Ram |
| 22:00 | Crear | Steppe Lancer |
| 22:00 | Crear | Steppe Lancer |
| 22:09 | Construir | Farm |
| 22:09 | Construir | Farm |
| 22:09 | Construir | Farm |
| 22:10 | Construir | Farm |
| 22:10 | Construir | Farm |
| 22:17 | Crear | Steppe Lancer |
| 23:25 | Crear | Mangonel |
| 23:25 | Crear | Mangonel |
| 23:38 | Crear | Steppe Lancer |
| 23:38 | Crear | Steppe Lancer |
| 23:38 | Crear | Steppe Lancer |
| 23:39 | Crear | Steppe Lancer |
| 23:39 | Crear | Steppe Lancer |
| 23:46 | Crear | Villager (Male) |
| 23:46 | Crear | Villager (Male) |
| 23:52 | Construir | Farm |
| 24:06 | Crear | Mangonel |
| 25:14 | Crear | Mangonel |
| 25:15 | Crear | Mangonel |
| 26:44 | Crear | Mangonel |
| 26:44 | Crear | Mangonel |
| 26:47 | Investigar | Chain Barding Armor |
| 26:49 | Investigar | Forging |
| 27:37 | Crear | Villager (Male) |
| 27:37 | Crear | Villager (Male) |
| 27:38 | Crear | Villager (Male) |
| 28:12 | Crear | Villager (Male) |
| 28:12 | Crear | Villager (Male) |
| 28:12 | Crear | Villager (Male) |
| 28:18 | Construir | Mining Camp |
| 28:43 | Crear | Villager (Male) |
| 28:43 | Crear | Villager (Male) |
| 28:44 | Crear | Villager (Male) |
| 28:45 | Crear | Villager (Male) |
| 28:45 | Crear | Villager (Male) |
| 29:17 | Construir | Town Center |
| 29:22 | Crear | Villager (Male) |
| 29:22 | Crear | Villager (Male) |
| 29:22 | Crear | Villager (Male) |
| 30:27 | Crear | Villager (Male) |
| 30:27 | Crear | Villager (Male) |
| 30:28 | Crear | Villager (Male) |
| 31:20 | Crear | Villager (Male) |
| 31:20 | Crear | Villager (Male) |
| 31:29 | Crear | Villager (Male) |
| 31:30 | Crear | Villager (Male) |
| 31:40 | Crear | Villager (Male) |
| 31:40 | Crear | Villager (Male) |
| 31:58 | Investigar | Bow Saw |
| 32:47 | Crear | Villager (Male) |
| 32:47 | Crear | Villager (Male) |
| 32:57 | Crear | Villager (Male) |
Build order — Pomidor123
Primeras 150 de 2212 acciones detectadas
| 0:03 | Crear | Villager (Male) |
| 0:03 | Crear | Villager (Male) |
| 0:09 | Construir | House |
| 0:12 | Construir | House |
| 0:14 | Construir | House |
| 0:15 | Construir | House |
| 0:36 | Crear | Villager (Male) |
| 0:36 | Crear | Villager (Male) |
| 0:59 | Construir | House |
| 1:01 | Construir | House |
| 1:06 | Construir | House |
| 1:34 | Construir | Lumber Camp |
| 1:38 | Crear | Villager (Male) |
| 2:06 | Crear | Villager (Male) |
| 2:27 | Crear | Villager (Male) |
| 2:49 | Crear | Villager (Male) |
| 3:10 | Crear | Villager (Male) |
| 3:39 | Crear | Villager (Male) |
| 4:52 | Crear | Villager (Male) |
| 4:52 | Crear | Villager (Male) |
| 4:52 | Crear | Villager (Male) |
| 4:53 | Crear | Villager (Male) |
| 5:03 | Crear | Villager (Male) |
| 5:18 | Crear | Villager (Male) |
| 5:19 | Crear | Villager (Male) |
| 6:29 | Crear | Villager (Male) |
| 7:03 | Construir | Mill |
| 7:42 | Investigar | Feudal Age |
| 7:55 | Construir | House |
| 8:23 | Construir | House |
| 8:24 | Construir | House |
| 8:25 | Construir | House |
| 8:26 | Construir | House |
| 8:42 | Crear | Villager (Male) |
| 8:42 | Crear | Villager (Male) |
| 8:42 | Crear | Villager (Male) |
| 8:44 | Crear | Villager (Male) |
| 9:25 | Construir | House |
| 9:57 | Edad | Edad Feudal |
| 10:01 | Investigar | Double-Bit Axe |
| 10:04 | Investigar | Horse Collar |
| 10:26 | Crear | Villager (Male) |
| 10:48 | Construir | Market |
| 11:10 | Crear | Villager (Male) |
| 11:28 | Construir | Farm |
| 11:31 | Construir | Farm |
| 11:32 | Construir | Farm |
| 11:33 | Construir | Farm |
| 11:34 | Construir | Farm |
| 11:40 | Crear | Villager (Male) |
| 11:41 | Crear | Villager (Male) |
| 11:58 | Construir | Blacksmith |
| 12:10 | Construir | Farm |
| 12:19 | Construir | Farm |
| 12:21 | Construir | Farm |
| 12:23 | Construir | Farm |
| 12:46 | Construir | Farm |
| 12:48 | Construir | Farm |
| 12:52 | Construir | Farm |
| 12:58 | Crear | Villager (Male) |
| 13:23 | Construir | Farm |
| 13:30 | Construir | Farm |
| 13:35 | Construir | Farm |
| 13:38 | Crear | Villager (Male) |
| 13:44 | Construir | Farm |
| 14:08 | Crear | Villager (Male) |
| 14:23 | Construir | Mining Camp |
| 14:32 | Construir | Mining Camp |
| 14:41 | Crear | Villager (Male) |
| 14:47 | Construir | Farm |
| 14:52 | Construir | Farm |
| 14:54 | Construir | Farm |
| 15:11 | Investigar | Castle Age |
| 15:32 | Construir | Stone Wall |
| 15:47 | Crear | Villager (Male) |
| 15:48 | Crear | Villager (Male) |
| 15:48 | Crear | Villager (Male) |
| 15:48 | Crear | Villager (Male) |
| 15:49 | Crear | Villager (Male) |
| 16:10 | Construir | Mining Camp |
| 17:05 | Construir | Building 490 |
| 17:10 | Construir | Stone Wall |
| 17:30 | Investigar | Gold Mining |
| 17:33 | Investigar | Stone Mining |
| 17:40 | Investigar | Stone Mining |
| 17:50 | Edad | Edad de los Castillos |
| 17:55 | Construir | Town Center |
| 17:57 | Investigar | Bow Saw |
| 18:00 | Crear | Villager (Male) |
| 18:01 | Crear | Villager (Male) |
| 18:11 | Construir | Monastery |
| 18:40 | Investigar | Heavy Plow |
| 18:50 | Crear | Villager (Male) |
| 18:50 | Crear | Villager (Male) |
| 18:51 | Crear | Villager (Male) |
| 18:51 | Crear | Villager (Male) |
| 18:51 | Crear | Villager (Male) |
| 18:52 | Crear | Villager (Male) |
| 18:52 | Crear | Villager (Male) |
| 18:54 | Crear | Villager (Male) |
| 18:55 | Crear | Villager (Male) |
| 18:55 | Crear | Villager (Male) |
| 18:59 | Crear | Monk |
| 19:35 | Crear | Villager (Male) |
| 19:36 | Crear | Villager (Male) |
| 19:52 | Crear | Villager (Male) |
| 19:53 | Crear | Villager (Male) |
| 20:01 | Crear | Villager (Male) |
| 20:01 | Crear | Villager (Male) |
| 20:03 | Investigar | Gold Shaft Mining |
| 20:07 | Investigar | Stone Shaft Mining |
| 21:09 | Construir | Barracks |
| 21:28 | Construir | Town Center |
| 21:32 | Crear | Villager (Male) |
| 21:32 | Crear | Villager (Male) |
| 21:34 | Investigar | Wheelbarrow |
| 21:35 | Investigar | Town Watch |
| 22:18 | Construir | Mining Camp |
| 22:20 | Crear | Spearman |
| 22:21 | Crear | Spearman |
| 22:22 | Crear | Spearman |
| 22:23 | Crear | Spearman |
| 22:26 | Crear | Spearman |
| 22:37 | Construir | House |
| 22:40 | Construir | House |
| 22:40 | Construir | House |
| 22:41 | Construir | House |
| 22:42 | Construir | House |
| 22:43 | Construir | House |
| 22:51 | Construir | House |
| 22:53 | Construir | House |
| 23:04 | Construir | Town Center |
| 23:12 | Construir | Town Center |
| 23:22 | Crear | Villager (Male) |
| 23:22 | Crear | Villager (Male) |
| 23:24 | Investigar | Gold Shaft Mining |
| 23:39 | Investigar | Squires |
| 23:40 | Crear | Spearman |
| 23:40 | Crear | Spearman |
| 23:40 | Crear | Spearman |
| 23:56 | Investigar | Fervor |
| 24:16 | Investigar | Loom |
| 24:19 | Crear | Villager (Male) |
| 24:19 | Crear | Villager (Male) |
| 24:19 | Crear | Villager (Male) |
| 24:20 | Crear | Villager (Male) |
| 24:24 | Crear | Villager (Male) |
| 24:24 | Crear | Villager (Male) |
| 24:24 | Crear | Villager (Male) |
| 24:25 | Crear | Villager (Male) |
Cronología de la partida
| 9:57 | Pomidor123 · age_up feudal |
| 11:23 | 520220629 · first_building Barracks |
| 11:27 | 520220629 · age_up feudal |
| 11:46 | 虎啸龙吟 · age_up feudal |
| 12:29 | got the T-shirt · age_up feudal |
| 12:38 | got the T-shirt · wall_segment Stone Wall x18 |
| 12:45 | 2315955785 · age_up feudal |
| 12:51 | 打死不投降 · age_up feudal |
| 12:58 | 550963855 · age_up feudal |
| 14:21 | 520220629 · first_building Stable |
| 14:24 | Paul2kb · age_up feudal |
| 15:31 | 虎啸龙吟 · wall_segment Stone Wall x8 |
| 15:32 | Pomidor123 · wall_segment Stone Wall x5 |
| 15:33 | Paul2kb · wall_segment Stone Wall x12 |
| 15:41 | 虎啸龙吟 · wall_segment Stone Wall x8 |
| 16:07 | 虎啸龙吟 · age_up castle |
| 16:29 | 虎啸龙吟 · first_building Monastery |
| 16:51 | got the T-shirt · age_up castle |
| 17:06 | 2315955785 · age_up castle |
| 17:10 | Pomidor123 · wall_segment Stone Wall x11 |
| 17:29 | Paul2kb · wall_segment Stone Wall x8 |
| 17:48 | 550963855 · age_up castle |
| 17:50 | 520220629 · age_up castle |
| 17:50 | Pomidor123 · age_up castle |
| 18:01 | 打死不投降 · age_up castle |
| 18:11 | Pomidor123 · first_building Monastery |
| 18:50 | 520220629 · first_building Siege Workshop |
| 20:28 | got the T-shirt · first_building Siege Workshop |
| 20:47 | got the T-shirt · wall_segment Stone Wall x20 |
| 20:56 | 550963855 · wall_segment Stone Wall x16 |
| 21:09 | Pomidor123 · first_building Barracks |
| 21:36 | got the T-shirt · first_building Barracks |
| 21:38 | 550963855 · first_building Barracks |
| 22:08 | 550963855 · wall_segment Stone Wall x9 |
| 22:12 | 2315955785 · first_building Barracks |
| 22:55 | 2315955785 · wall_segment Stone Wall x1 |
| 22:59 | 2315955785 · wall_segment Stone Wall x1 |
| 23:00 | 2315955785 · wall_segment Stone Wall x1 |
| 23:09 | 550963855 · first_building Siege Workshop |
| 23:14 | 2315955785 · wall_segment Stone Wall x1 |
| 23:21 | 2315955785 · wall_segment Stone Wall x1 |
| 23:21 | 2315955785 · wall_segment Stone Wall x1 |
| 23:22 | 2315955785 · wall_segment Stone Wall x1 |
| 23:24 | 2315955785 · wall_segment Stone Wall x1 |
| 23:36 | 2315955785 · wall_segment Stone Wall x2 |
| 23:37 | 2315955785 · wall_segment Stone Wall x1 |
| 23:38 | 2315955785 · wall_segment Stone Wall x1 |
| 23:38 | 2315955785 · wall_segment Stone Wall x1 |
| 23:38 | 2315955785 · wall_segment Stone Wall x1 |
| 23:38 | 2315955785 · wall_segment Stone Wall x1 |
| 23:39 | 2315955785 · wall_segment Stone Wall x1 |
| 23:46 | got the T-shirt · first_market_sell 100 wood |
| 24:21 | 2315955785 · first_building Siege Workshop |
| 25:13 | 550963855 · first_building Stable |
| 25:33 | 打死不投降 · first_building Barracks |
| 25:45 | 2315955785 · wall_segment Stone Wall x18 |
| 26:00 | Paul2kb · first_market_buy 100 food |
| 26:22 | 2315955785 · wall_segment Stone Wall x10 |
| 26:34 | Pomidor123 · first_building Siege Workshop |
| 26:35 | 550963855 · tribute_sent a jugador 1 |
| 26:35 | 550963855 · tribute_sent a jugador 2 |
| 26:35 | 550963855 · tribute_sent a jugador 3 |
| 26:35 | 550963855 · tribute_sent a jugador 4 |
| 26:35 | 550963855 · tribute_sent a jugador 5 |
| 26:35 | 550963855 · tribute_sent a jugador 7 |
| 26:35 | 550963855 · tribute_sent a jugador 8 |
| 26:43 | Paul2kb · first_building Barracks |
| 27:34 | 2315955785 · first_building Monastery |
| 27:38 | 打死不投降 · first_building Stable |
| 27:48 | 2315955785 · first_building Stable |
| 28:46 | Paul2kb · age_up castle |
| 28:48 | 打死不投降 · first_building Monastery |
| 29:42 | 打死不投降 · wall_segment Stone Wall x25 |
| 30:12 | 虎啸龙吟 · first_building Castle |
| 31:07 | 虎啸龙吟 · age_up imperial |
| 31:28 | 550963855 · first_building Monastery |
| 32:22 | 虎啸龙吟 · first_building Siege Workshop |
| 32:36 | Pomidor123 · age_up imperial |
| 32:53 | Pomidor123 · first_building Castle |
| 32:54 | 打死不投降 · first_building Siege Workshop |
| 33:01 | Paul2kb · first_building Stable |
| 33:21 | 2315955785 · age_up imperial |
| 34:13 | 打死不投降 · age_up imperial |
| 34:18 | 2315955785 · first_building Castle |
| 34:23 | 2315955785 · first_building Archery Range |
| 35:12 | 虎啸龙吟 · first_building Barracks |
| 35:54 | Paul2kb · first_building Castle |
| 36:04 | 550963855 · age_up imperial |
| 38:09 | Pomidor123 · wall_segment Stone Wall x7 |
| 38:23 | Pomidor123 · wall_segment Stone Wall x8 |
| 39:17 | 520220629 · first_market_buy 100 food |
| 40:10 | 520220629 · first_building Castle |
| 40:31 | 520220629 · first_building Monastery |
| 40:55 | got the T-shirt · age_up imperial |
| 41:11 | 虎啸龙吟 · first_building Archery Range |
| 41:32 | got the T-shirt · first_building Castle |
| 42:53 | Paul2kb · first_building Monastery |
| 45:39 | 550963855 · first_building Castle |
| 45:55 | got the T-shirt · wall_segment Stone Wall x1 |
| 45:59 | got the T-shirt · wall_segment Stone Wall x1 |
| 46:29 | 550963855 · wall_segment Stone Wall x19 |
| 46:56 | 520220629 · age_up imperial |
| 47:28 | Paul2kb · age_up imperial |
| 49:08 | Paul2kb · first_building Siege Workshop |
| 49:09 | got the T-shirt · first_market_buy 500 stone |
| 51:02 | 2315955785 · first_market_buy 100 stone |
| 52:30 | got the T-shirt · wall_segment Stone Wall x37 |
| 52:30 | 虎啸龙吟 · wall_segment Stone Wall x10 |
| 52:40 | 2315955785 · wall_segment Stone Wall x1 |
| 52:53 | 虎啸龙吟 · wall_segment Stone Wall x9 |
| 53:28 | 虎啸龙吟 · wall_segment Stone Wall x8 |
| 53:46 | 打死不投降 · first_building Archery Range |
| 53:56 | 虎啸龙吟 · wall_segment Stone Wall x3 |
| 54:07 | 虎啸龙吟 · wall_segment Stone Wall x3 |
| 55:01 | 虎啸龙吟 · wall_segment Stone Wall x5 |
| 56:50 | got the T-shirt · first_building Stable |
| 57:40 | Paul2kb · first_building Archery Range |
| 57:56 | 打死不投降 · wall_segment Stone Wall x22 |
| 59:06 | 520220629 · wall_segment Stone Wall x19 |
| 60:26 | 520220629 · wall_segment Stone Wall x18 |
| 61:01 | got the T-shirt · wall_segment Stone Wall x2 |
| 61:05 | got the T-shirt · wall_segment Stone Wall x6 |
| 61:07 | got the T-shirt · wall_segment Stone Wall x3 |
| 61:22 | 2315955785 · wall_segment Stone Wall x5 |
| 61:31 | 2315955785 · wall_segment Stone Wall x3 |
| 62:50 | 打死不投降 · wall_segment Stone Wall x11 |
| 63:12 | 550963855 · wall_segment Stone Wall x17 |
| 64:47 | 打死不投降 · wall_segment Stone Wall x13 |
| 65:03 | Pomidor123 · first_building Stable |
| 65:25 | 打死不投降 · first_building Castle |
| 65:29 | 虎啸龙吟 · first_building Stable |
| 66:28 | 虎啸龙吟 · wall_segment Stone Wall x5 |
| 66:39 | 虎啸龙吟 · wall_segment Stone Wall x2 |
| 66:44 | 550963855 · wall_segment Stone Wall x16 |
| 70:05 | 2315955785 · first_market_sell 500 food |
| 72:33 | Paul2kb · first_market_sell 100 food |
| 72:45 | 打死不投降 · wall_segment Stone Wall x20 |
| 73:44 | 520220629 · wall_segment Stone Wall x17 |
| 73:52 | 520220629 · first_market_sell 500 wood |
| 75:06 | 520220629 · wall_segment Stone Wall x18 |
| 75:27 | 550963855 · resign |
| 79:25 | 虎啸龙吟 · wall_segment Stone Wall x16 |
| 82:33 | 打死不投降 · wall_segment Stone Wall x28 |
| 93:50 | got the T-shirt · wall_segment Stone Wall x20 |
| 93:52 | got the T-shirt · wall_segment Stone Wall x8 |
| 97:41 | 打死不投降 · wall_segment Stone Wall x27 |
| 97:49 | 打死不投降 · first_market_buy 500 stone |
| 98:01 | 打死不投降 · wall_segment Stone Wall x14 |
| 99:56 | 打死不投降 · wall_segment Stone Wall x16 |
| 101:31 | 打死不投降 · wall_segment Stone Wall x18 |
| 102:23 | 虎啸龙吟 · wall_segment Stone Wall x7 |
| 103:56 | 虎啸龙吟 · wall_segment Stone Wall x7 |
| 104:01 | 虎啸龙吟 · wall_segment Stone Wall x11 |
| 107:14 | Pomidor123 · wall_segment Stone Wall x5 |
| 107:24 | Pomidor123 · wall_segment Stone Wall x4 |
| 110:03 | 虎啸龙吟 · wall_segment Stone Wall x10 |
| 111:55 | 打死不投降 · wall_segment Stone Wall x23 |
| 116:35 | 虎啸龙吟 · wall_segment Stone Wall x4 |
| 136:29 | got the T-shirt · first_building Archery Range |
| 145:35 | 2315955785 · wall_segment Stone Wall x33 |
[ ANÁLISIS IA · 1 CRÉDITO ]
¿Qué pasó realmente en esta partida?
Wolo.gg analiza cada decisión: build order, eco, micro, errores típicos por bracket. Análisis personalizado por WhatsApp o Discord en 30 segundos.
Guía civ
Portugueses
Guía mapa
Amazon Tunnel
Perfil
2315955785